 Dungeon Crawl Stone Soup version 0.32-a0-643-ga006e7742e (webtiles) character file.

Game seed: 14801066292224365290

1908012 AutarchDCSS the Skinwalker (level 27, 387/387 HPs)
             Began as a Grey Draconian Delver on Mar 7, 2024.
             Was the Champion of Wu Jian.
             Escaped with the Orb
             ... and 4 runes!
             The game lasted 04:03:08 (104023 turns).

AutarchDCSS the Skinwalker (DrDe)                 Turns: 104023, Time: 04:03:09

Health: 387/387    AC: 32    Str: 23    XL:     27
Magic:  11/23      EV: 47    Int:  9    God:    Wu Jian [******]
Gold:   8183       SH: 43    Dex: 41    Spells: 26/26 levels left

rFire   + . .        Q - +9 quick blade (elec)
rCold   + . .        o - +8 tower shield
rNeg    + . .        (body armour unavailable)
rPois   +            t - +2 hat of Muttered Phrases {Dex+6 Slay+3}
rElec   .            U - +4 dragonskin cloak
rCorr   .            N - +3 Mad Mage's Maulers {Infuse+∞ VampMP -Cast}
SInv    +            r - +2 pair of boots of the Serpent {-Cast rC+ Will+ Str+4}
Will    +++++        m - amulet "Ocirekiu" {Reflect Dex+6 SH+5} Stlth
                     L - ring "Geggea" {Int-3 Dex+5 SInv}
HPRegen 0.84/turn    I - ring "Himel" {^Contam rF+ rN+ Will++ Str+3}
MPRegen 0.18/turn

%: no spellcasting, reflection, infuse magic (11 MP)
@: berserking, maw-form, studying 4 skills, very quick
A: devouring maw, mud breath, mud-swimmer, AC +18, amphibious, unfitting armour,
cold-blooded, poison resistance, subdued magic 1
0: Orb of Zot
}: 4/15 runes: serpentine, barnacled, slimy, silver
a: Mud Breath, Begin Untransformation, Renounce Religion, Wall Jump, Serpent's
Lash, Heavenly Storm


You escaped.
You worshipped Wu Jian.
Wu Jian was exalted by your worship.
You were a creature with a mouth for a stomach.
You visited 11 branches of the dungeon, and saw 53 of its levels.
You also visited: Gauntlet, Ice Cave and Wizlab.

You collected 9804 gold pieces.
You spent 1621 gold pieces at shops.

Inventory:

Hand Weapons
 O - a +6 quick blade of holy wrath
 Q - a +9 quick blade of electrocution (weapon)
Missiles
 i - 13 silver javelins
 q - 35 boomerangs (quivered)
 u - 5 throwing nets
 x - 6 javelins
Armour
 o - a +8 tower shield (worn)
 r - the +2 pair of boots of the Serpent (worn) {-Cast rC+ Will+ Str+4}
   (You found it on level 14 of the Dungeon)

   Str+4:     It affects your strength (+4).
   rC+:       It protects you from cold.
   Will+:     It increases your willpower.
   -Cast:     It prevents spellcasting.
 t - the +2 hat of Muttered Phrases (worn) {Dex+6 Slay+3}
   (You found it on level 1 of the Vaults)

   Dex+6:     It affects your dexterity (+6).
   Slay+3:    It affects your accuracy & damage with ranged weapons and melee
   (+3).
 M - a +2 kite shield of protection
 N - the +3 Mad Mage's Maulers (worn) {Infuse+∞ VampMP -Cast}
   (You bought it in a shop on level 2 of the Elven Halls)

   Infuse+∞: It empowers its wearer's blows with all of their magic.
   VampMP:    Blows struck in melee replenish the wearer's magic.
   -Cast:     It prevents spellcasting.
 U - the +4 dragonskin cloak (worn)
   (You took it off Tiamat on level 1 of the Realm of Zot)

   Avatar's Aegis: It grants the wearer a chance to resist fire, cold, poison,
   electricity, acid, and negative energy.
Jewellery
 a - a ring of resist corrosion
 h - the ring of Ynwag {Fly rPois Str+4 Dex-2 SInv}
   (You took it off a deep elf sorcerer on level 3 of the Elven Halls)

   [ring of see invisible]

   Str+4:     It affects your strength (+4).
   Dex-2:     It affects your dexterity (-2).
   rPois:     It protects you from poison.
   SInv:      It lets you see invisible.
   Fly:       It grants you flight.
 m - the amulet "Ocirekiu" (around neck) {Reflect Dex+6 SH+5}
   (You found it on level 4 of the Shoals)

   [amulet of reflection]

   Reflect:   It reflects blocked missile attacks.
   Dex+6:     It affects your dexterity (+6).
   SH+5:      It affects your SH (+5).
 I - the ring "Himel" (right hand) {^Contam rF+ rN+ Will++ Str+3}
   (You took it off a deep elf blademaster on level 3 of the Elven Halls)

   [ring of positive energy]

   Str+3:     It affects your strength (+3).
   rF+:       It protects you from fire.
   rN+:       It protects you from negative energy.
   Will++:    It greatly increases your willpower.
   ^Contam:   It causes magical contamination when unequipped.
 L - the ring "Geggea" (left hand) {Int-3 Dex+5 SInv}
   (You took it off an orc knight on level 11 of the Dungeon)

   [ring of see invisible]

   Int-3:     It affects your intelligence (-3).
   Dex+5:     It affects your dexterity (+5).
   SInv:      It lets you see invisible.
Talismans
 A - the death talisman of the Monkey's Uncle {+Blink Will+ Str-2 SInv}
   (You found it on level 3 of the Depths)

   [talisman of death]

   Str-2:     It affects your strength (-2).
   Will+:     It increases your willpower.
   SInv:      It lets you see invisible.
   +Blink:    It lets you blink.
 Z - a maw talisman (active)
Wands
 d - a wand of mindburst (86)
 f - a wand of digging (28)
 B - a wand of acid (42)
 C - a wand of polymorph (41)
 F - a wand of paralysis (64)
 P - a wand of roots (28)
Scrolls
 b - 13 scrolls of fog
 j - 6 scrolls of enchant armour
 p - 2 scrolls of revelation
 v - 8 scrolls of fear
 y - 2 scrolls of brand weapon
 G - 26 scrolls of teleportation
 H - a scroll of butterflies
 J - 11 scrolls of immolation
 S - 8 scrolls of blinking
 Y - a scroll of torment
Potions
 c - 9 potions of brilliance
 e - 8 potions of haste
 g - 8 potions of might
 k - 2 potions of mutation
 l - 13 potions of lignification
 n - 4 potions of cancellation
 s - 17 potions of heal wounds
 z - 3 potions of ambrosia
 E - 11 potions of enlightenment
 R - 2 potions of berserk rage
 T - 26 potions of curing
 W - 5 potions of invisibility
Miscellaneous
 w - a condenser vane
 D - a box of beasts
 K - a lightning rod (4/4)
 V - a phantom mirror
 X - a phial of floods


   Skills:
 - Level 23.0 Fighting
 - Level 14.0 Short Blades
 + Level 22.1 Dodging
 - Level 13.2 Stealth
 - Level 23.3 Shields
 - Level 16.0 Evocations
 - Level 23.4 Shapeshifting


You had 26 spell levels left.
You didn't know any spells.
Your spell library contained the following spells:

 Spells                   Type           Power      Damage    Failure   Level
 Foxfire                  Conj/Fire      0%         2x1d4     43%         1
 Freeze                   Ice            0%         1d3       43%         1
 Magic Dart               Conj           0%         1d3       43%         1
 Necrotise                Necr           0%         1d4       43%         1
 Shock                    Conj/Air       0%         1d3       43%         1
 Sting                    Conj/Alch      0%         1d3       43%         1
 Summon Small Mammal      Summ           0%         N/A       43%         1
 Blink                    Tloc           0%         N/A       58%         2
 Call Imp                 Summ           0%         N/A       58%         2
 Cigotuvi's Dreadful Rot  Necr/Alch/Air  0%         N/A       58%         2
 Ensorcelled Hibernation  Hex/Ice        0%         N/A       58%         2
 Jinxbite                 Hex            0%         N/A       58%         2
 Lesser Beckoning         Tloc           0%         N/A       58%         2
 Mercury Vapours          Alch/Air       0%         N/A       58%         2
 Momentum Strike          Conj/Tloc      0%         3d8       58%         2
 Scorch                   Fire           0%         2d5       58%         2
 Searing Ray              Conj           0%         2d4       58%         2
 Static Discharge         Conj/Air       0%         3-3/arc   58%         2
 Sublimation of Blood     Necr           0%         N/A       58%         2
 Dazzling Flash           Conj/Hex       0%         N/A       82%         3
 Frozen Ramparts          Ice            0%         1d1       82%         3
 Fugue of the Fallen      Necr           0%         N/A       82%         3
 Gell's Gravitas          Tloc           0%         N/A       82%         3
 Hailstorm                Conj/Ice       0%         3d5       82%         3
 Inner Flame              Hex/Fire       0%         N/A       82%         3
 Mephitic Cloud           Conj/Alch/Air  0%         N/A       82%         3
 Ozocubu's Armour         Ice            0%         N/A       82%         3
 Stone Arrow              Conj/Erth      0%         3d7       82%         3
 Summon Ice Beast         Ice/Summ       0%         N/A       82%         3
 Teleport Other           Tloc           0%         N/A       82%         3
 Tukima's Dance           Hex            0%         N/A       82%         3
 Vampiric Draining        Necr           0%         2d6       82%         3
 Volatile Blastmotes      Fire/Tloc      0%         2d10      82%         3
 Airstrike                Air            0%         2d(0-16)  99%         4
 Anguish                  Hex/Necr       0%         N/A       99%         4
 Animate Dead             Necr           0%         N/A       99%         4
 Brom's Barrelling Bould  Conj/Erth      0%         2d3       99%         4
 Dimensional Bullseye     Hex/Tloc       0%         N/A       99%         4
 Flame Wave               Conj/Fire      0%         2d4       99%         4
 Fulminant Prism          Conj/Alch      0%         3d5       99%         4
 Ignite Poison            Fire/Alch      0%         N/A       99%         4
 Iskenderun's Mystic Bla  Conj/Tloc      0%         2d3       99%         4
 Manifold Assault         Tloc           0%         N/A       99%         4
 Martyr's Knell           Necr/Summ      0%         N/A       99%         4
 Olgreb's Toxic Radiance  Alch           0%         N/A       99%         4
 Passage of Golubria      Tloc           0%         N/A       99%         4
 Sticky Flame             Fire/Alch      0%         2d4       99%         4
 Summon Lightning Spire   Summ/Air       0%         N/A       99%         4
 Arcjolt                  Conj/Air       0%         1d10      100%        5
 Borgnjor's Vile Clutch   Necr/Erth      0%         N/A       100%        5
 Curse of Agony           Necr           0%         N/A       100%        5
 Fireball                 Conj/Fire      0%         3d3       100%        5
 Freezing Cloud           Conj/Ice/Air   0%         6-21      100%        5
 Iskenderun's Battlesphe  Conj           0%         2d6       100%        5
 Lee's Rapid Deconstruct  Erth           0%         3d4*      100%        5
 Silence                  Hex/Air        0%         N/A       100%        5
 Summon Forest            Summ/Tloc      0%         N/A       100%        5
 Summon Mana Viper        Hex/Summ       0%         N/A       100%        5
 Yara's Violent Unravell  Hex/Alch       0%         3d3       100%        5
 Bombard                  Conj/Erth      0%         9d1       100%        6
 Conjure Ball Lightning   Conj/Air       0%         3x3d6     100%        6
 Death Channel            Necr           0%         N/A       100%        6
 Dispersal                Tloc           0%         N/A       100%        6
 Eringya's Noxious Bog    Alch           0%         4d6       100%        6
 Plasma Beam              Fire/Air       0%         2x1d10    100%        6
 Sculpt Simulacrum        Ice/Alch       0%         N/A       100%        6
 Starburst                Conj/Fire      0%         6d3       100%        6
 Summon Cactus Giant      Summ           0%         N/A       100%        6
 Enfeeble                 Hex            0%         N/A       100%        7
 Haunt                    Necr/Summ      0%         N/A       100%        7
 Malign Gateway           Summ/Tloc      0%         N/A       100%        7
 Orb of Destruction       Conj           0%         9d5       100%        7
 Ozocubu's Refrigeration  Ice            0%         4d7       100%        7
 Spellforged Servitor     Conj/Summ      0%         N/A       100%        7
 Summon Hydra             Summ           0%         N/A       100%        7
 Borgnjor's Revivificati  Necr           0%         N/A       100%        8
 Discord                  Hex            0%         N/A       100%        8
 Disjunction              Tloc           0%         N/A       100%        8
 Ignition                 Fire           0%         3d3       100%        8
 Infestation              Necr           0%         N/A       100%        8
 Lehudib's Crystal Spear  Conj/Erth      0%         10d2      100%        8
 Maxwell's Capacitive Co  Air            0%         ∞         100%        8
 Summon Horrible Things   Summ           0%         N/A       100%        8
 Chain Lightning          Conj/Air       0%         N/A       100%        9
 Death's Door             Necr           0%         N/A       100%        9
 Fire Storm               Conj/Fire      0%         5d1       100%        9
 Polar Vortex             Ice            0%         N/A       100%        9
 Shatter                  Erth           0%         3d5*      100%        9
 Animate Armour           Summ/Erth      Unusable   N/A       N/A         4

Dungeon Overview and Level Annotations

Branches:
Dungeon (15/15)            Temple (1/1) D:4            Lair (5/5) D:10
 Shoals (4/4) Lair:2        Snake (4/4) Lair:3        Slime (5/5) Lair:5
    Orc (2/2) D:12            Elf (3/3) Orc:2        Vaults (5/5) D:14
  Crypt (0/3) Vaults:3     Depths (4/4) D:15            Zot (5/5) Depths:4
  IceCv (visited)          WizLab (visited)         Gauntlet (visited)

Altars:
Ashenzari
Cheibriados
Dithmenos
Elyvilon
Fedhas
Gozag
Hepliaklqana
Kikubaaqudgha
Makhleb
Nemelex Xobeh
Okawaru
Qazlal
Ru
Sif Muna
Trog
Uskayaw
Vehumet
Wu Jian
Xom
Yredelemnul
Zin
The Shining One
Beogh
Jiyva
Lugonu

Shops:
D:6 *   D:13 (   Orc:2 ([!!   Elf:2 [(*   Snake:2 [   Snake:4 **

Portals:
Hell: Depths:1 Depths:2 Depths:3 Depths:4
Abyss: Lair:5 Depths:1 Depths:2 Depths:3
Pandemonium: Depths:1 Depths:2 Depths:4
Ziggurat: Depths:1

Annotations:
D:12 6 transporters
Depths:3 1 transporter, Voac's ghost, journeyman MiAr
Zot:2 4 transporters
Zot:3 3 runed translucent doors, Foeck's ghost, veteran TrCK; Herr's ghost, veteran MiBe; Qaniympis's ghost, veteran DgEE; Ygyeth Femmu's ghost, veteran MiBe


Innate Abilities, Weirdness & Mutations

You are a creature with a mouth for a stomach.
Your midsection houses a second, enormous mouth.
You can breathe torrents of mud.
You are unimpeded by mud.
Your dull iron-grey scales are very hard. (AC +18)
You are amphibious.
You cannot fit into any form of body armour.
You are cold-blooded and may be slowed by cold attacks.
Your system is resistant to poisons. (rPois)
Your spells are a little easier to cast, but a little less powerful.


Message History

You puncture the Orb Guardian! You tail-slap the Orb Guardian.
Your bite misses the Orb Guardian.
You hit the Orb Guardian but do no damage.
You bite the Orb Guardian.
The Orb Guardian is moderately wounded.
You block the Orb Guardian's attack.
You hit the Orb Guardian.
Lightning courses through the Orb Guardian!
You hit the Orb Guardian but do no damage.
The Orb Guardian is heavily wounded.
You block the Orb Guardian's attack.
You hit the Orb Guardian. You tail-slap the Orb Guardian.
You bite the Orb Guardian, but do no damage.
You puncture the Orb Guardian! You bite the Orb Guardian!
The Orb Guardian is severely wounded.
You block the Orb Guardian's attack.
You impale the Orb Guardian!!
Lightning courses through the Orb Guardian!
You kill the Orb Guardian!
The Council accepts your kill.
No target in view!
There is a stone staircase leading up here.
You climb upwards.
There is a stone staircase leading down here.
What level of the Dungeon? (default 1, ? - help)
Okay, then.
There is a stone staircase leading up here.
There is a stone staircase leading up here.
You climb upwards.
There is a stone staircase leading down here.
Aiming: Dig
Press: ? - help, Shift-Dir - straight line You can't see that place. [a rock wall.]
The rock shatters into small pieces.
There is a staircase leading out of the dungeon here.
A red film seems to cover your vision as you go berserk!
You feel yourself moving faster!
You feel mighty!
You feel a strong urge to attack something.
You have escaped!

..#####.#.#.............#.....#..
..(.......###..............)..##.
......÷....##............####.##.
#####....................####..#.
##...........................#
##..........#>..#....#####.....
#..#.......##.#♣♣.#.## ###..#
###.#...##.....ß♣♣♣.#.##### #.)..
....#.......#.'.W♣♣.......###...#
.####.........#ß♣♣♣##.###........
.........#.#..###♣♣...........).#
...........#...............##....
......................>..........
.......#..######.................
......##..# #.................
.....†#...# #.................
.........## #.................


There were no monsters in sight!

Vanquished Creatures
  the Royal Jelly (Slime:5)
  3 dread liches
  Tiamat (Zot:1)
  5 ancient liches
  4 orbs of fire (Zot:5)
  Mara (Shoals:4)
  Mennas (Vaults:4)
  Xtahua (Vaults:5)
  Bai Suzhen (Snake:3)
  6 Killer Klowns
  Vashnia (Snake:2)
  3 curse toes
  11 golden dragons
  the Enchantress (Depths:3)
  Nikola (Vaults:3)
  A bone dragon (Depths:4)
  Norris (Depths:1)
  3 electric golems
  2 Brimstone Fiends
  Jorgrun (Orc:2)
  3 doom hounds (Depths:2)
  A Tzitzimitl (Shoals:3)
  19 tentacled monstrosities
  Zenata (Vaults:1)
  Rupert (D:12)
  2 deep elf blademasters (Elf:3)
  5 liches
  26 Orb Guardians
  29 acid blobs
  5 titans
  2 sphinxes
  4 deep elf master archers
  2 walking frostbound tomes (Depths:2)
  Grunn (Depths:2)
  4 quicksilver dragons
  Polyphemus (Shoals:3)
  7 death cobs
  A tentacled starspawn (Lair:1)
  2 thorn hunters (WizLab)
  6 krakens
  11 storm dragons
  The ghost of Lysca the Messiah, an adept DsCj of Beogh (Shoals:3)
  Aizul (Vaults:1)
  3 nagarajas (Snake:4)
  Roxanne (Snake:3)
  8 shadow dragons
  8 tengu reavers
  Gastronok (D:9)
  Ilsuiw (Shoals:2)
  Donald (Shoals:1)
  4 protean progenitors
  4 draconian monks
  11 rockslimes
  12 azure jellies
  The ghost of MadMike78 the Tortoise, an adept GnGl of Yredelemnul (Snake:2)
  3 fenstrider witches (WizLab)
  5 frost giants
  2 deep elf sorcerers
  10 draconian knights
  7 draconian shifters
  4 fire giants
  7 draconian scorchers
  A balrug (Depths:2)
  3 ghost moths
  5 spectral caustic shrikes (Depths:3)
  A reaper (Depths:2)
  An orc warlord (Vaults:4)
  15 vault wardens
  3 deep elf elementalists (Elf:3)
  12 very ugly things
  6 spriggan defenders
  5 vampire knights
  8 formless jellyfish
  12 ironbound thunderhulks
  17 green draconians
  13 quicksilver oozes
  8 deep elf demonologists
  4 draconian annihilators
  9 stone giants
  2 draconian stormcallers
  9 black draconians
  16 ironbound preservers
  19 yellow draconians
  A demonspawn black sun (D:6)
  A minotaur (Gauntlet)
  3 war gargoyles
  A bunyip (Zot:1)
  A deep elf annihilator (Elf:3)
  Azrael (Snake:3)
  An eleionoma (WizLab)
  3 deep elf death magi (Elf:3)
  11 purple draconians
  13 dire elephants
  8 red draconians
  Snorg (D:10)
  15 white draconians
  9 ettins
  4 merfolk javelineers
  7 merfolk impalers
  5 shambling mangroves (WizLab)
  An entropy weaver (Vaults:5)
  5 fire dragons
  A blizzard demon (Depths:2)
  2 entropy weavers (shapeshifter)
  8 deep elf high priests
  A green death (Depths:4)
  Josephine (D:14)
  16 yaktaur captains
  Erolcha (D:10)
  11 great orbs of eyes
  6 rakshasas
  A hell beast (Depths:1)
  37 vault guards
  A peacekeeper (Vaults:2)
  11 spriggan air magi
  A spriggan skeleton (Depths:2)
  7 ironbound frosthearts
  The ghost of Scrimshaw the Skirmisher, a journeyman CoHs of Okawaru (D:10)
  A catoblepas (Shoals:3)
  5 hydras
  2 salamander tyrants
  5 ice dragons
  A sphinx zombie (Depths:3)
  3 ogre magi (Vaults:5)
  3 merfolk avatars
  13 centaur warriors
  8 merfolk aquamancers
  An alligator snapping turtle (Shoals:4)
  7 anacondas
  4 boulder beetles
  35 dancing weapons
  3 death yaks (Shoals:3)
  14 two-headed ogres
  5 satyrs
  23 tengu warriors
  6 deep troll earth magi
  22 spriggan berserkers
  3 thrashing horrors (Lair:5)
  6 deep troll shamans
  2 vampire magi
  3 occultists
  7 shock serpents
  4 hell hogs (Depths:2)
  7 naga warriors
  2 titan zombies (Depths:3)
  10 hell knights
  9 sun demons
  19 deep elf knights
  15 naga sharpshooters
  7 salamander mystics
  2 shadow wraiths (Depths:2)
  8 skeletal warriors
  11 skysharks
  10 iron trolls
  7 soul eaters
  A fire crab (Gauntlet)
  8 spectral anacondas (Snake:3)
  48 deep trolls
  2 sixfirhies
  10 glowing orange brains
  8 anaconda zombies (Snake:3)
  5 arcanists
  Pikel (D:8)
  2 sea snakes (shapeshifter)
  A deep troll (shapeshifter) (Depths:4)
  5 flayed ghosts
  2 quicksilver dragon simulacra (Depths:2)
  8 naga ritualists
  2 orange crystal statues (IceCv)
  7 phantasmal warriors
  10 sea snakes
  17 mana vipers
  2 large abominations (Lair:5)
  2 glowing orange brains (shapeshifter)
  A golden dragon skeleton (Depths:2)
  A steelbarb worm (shapeshifter) (Depths:3)
  10 orc knights
  5 lindwurms
  9 necromancers
  23 ironbound convokers
  18 deep elf archers
  A tengu zombie (Vaults:2)
  A harpy (shapeshifter) (Lair:5)
  25 deep elf pyromancers
  3 thermic dynamos
  4 anaconda skeletons (Snake:3)
  29 harpies
  An obsidian statue (Snake:3)
  A fire giant zombie (Depths:3)
  A shining eye (shapeshifter) (Vaults:5)
  22 deep elf zephyrmancers
  37 ugly things
  7 oklob plants
  8 orc sorcerers
  11 fauns
  14 salamanders
  11 cyclopes
  17 manticores
  7 shining eyes
  19 moths of wrath
  21 vault sentinels
  A fire giant skeleton (Depths:2)
  3 meliai (D:13)
  An elephant (shapeshifter) (Depths:3)
  5 kobold blastminers
  2 torpor snails
  3 eyes of devastation
  47 black mambas
  13 merfolk sirens
  A water nymph (shapeshifter) (Depths:1)
  A torpor snail (shapeshifter) (Vaults:5)
  4 guardian serpents (Snake:4)
  5 elephants (Lair:5)
  7 water nymphs
  2 gargoyles
  An ice statue (Depths:2)
  A frost giant skeleton (Vaults:2)
  17 naga magi
  6 smoke demons
  Maggie (D:8)
  10 cane toads
  A hellion (Depths:1)
  An elf skeleton (Vaults:4)
  A rime drake (Lair:2)
  3 unseen horrors
  6 komodo dragons
  4 kobold demonologists
  3 anaconda simulacra (Snake:3)
  5 ice devils
  An efreet (D:13)
  4 freezing wraiths
  23 yaktaurs
  A yaktaur skeleton (Vaults:2)
  8 trolls
  A tormentor (D:4)
  3 tengu conjurers
  Psyche (D:8)
  2 hellwings (Zot:5)
  A merfolk (shapeshifter) (Depths:3)
  A queen bee (shapeshifter) (Vaults:5)
  A polar bear (Lair:3)
  9 wind drakes
  A tyrant leech (Zot:4)
  8 glass eyes
  20 hornets
  A glass eye (shapeshifter) (Depths:3)
  40 merfolk
  4 dream sheep (Lair:3)
  24 blink frogs
  7 snapping turtles
  A raiju (Lair:5)
  A raiju (shapeshifter) (Lair:5)
  111 slime creatures
  24 water elementals
  6 wraiths
  16 spriggans
  3 shadows
  3 fire elementals (Snake:3)
  53 yaks
  9 wyverns
  A ynoxinul (Lair:5)
  A human (Lair:1)
  A yak (shapeshifter) (D:11)
  3 vampires
  6 fire bats (Gauntlet)
  18 golden eyes
  12 basilisks
  8 wargs
  5 vampire mosquitoes
  A basilisk (shapeshifter) (D:10)
  2 chaos spawn (Lair:5)
  A harpy simulacrum (D:14)
  45 nagas
  12 small abominations (Lair:5)
  Duvessa (D:7)
  3 swamp worms (Gauntlet)
  6 hell hounds
  14 water moccasins
  4 great orb of eyes simulacra (IceCv)
  8 black bears
  An ice beast (shapeshifter) (Lair:5)
  A sky beast (shapeshifter) (D:11)
  3 glowing shapeshifter skeletons
  28 orc warriors
  An ice beast (D:7)
  2 elf simulacra
  2 ettin simulacra (Depths:2)
  5 spriggan simulacra (Depths:3)
  18 wolves
  7 ogres
  4 boggarts (D:15)
  2 human skeletons
  2 lemures (D:8)
  A phantom (D:5)
  3 slime creature simulacra (IceCv)
  4 centaurs
  A gnoll sergeant (D:10)
  A kobold brigand (D:10)
  3 scorpions
  18 bullfrogs
  2 earth elementals (Elf:2)
  2 glowing shapeshifter simulacra (IceCv)
  19 wights
  Dowan (D:7)
  11 killer bees
  6 howler monkeys
  4 electric eels (D:15)
  4 jellies
  14 orc priests
  2 bombardier beetles
  A hound (D:4)
  5 iguanas
  28 orc wizards
  6 gnolls
  9 adders
  2 white imps (D:6)
  9 ufetubi
  2 dart slugs
  84 orcs
  A bat (D:1)
  7 endoplasms
  8 giant cockroaches
  4 goblins
  8 hobgoblins
  4 jackals (D:1)
  9 quokkas
  7 ball pythons
  2 frilled lizards (D:1)
  11 kobolds
  5 rats
  4 aspiring fleshes
  21 tentacles
2488 creatures vanquished.

Vanquished Creatures (others)
  A draconian stormcaller (Zot:4)
  A very ugly thing (Depths:4)
  A deep elf zephyrmancer (Elf:1)
  An orc warrior (Orc:1)
  An orc priest (Orc:1)
  4 orcs (Orc:1)
  29 spectral weapons
  34 tentacles
72 creatures vanquished.

Grand Total: 2560 creatures vanquished

Notes
Turn   | Place    | Note
-------+----------+-------------------------------------------
     0 | D:5      | AutarchDCSS the Draconian Delver began the quest for the
                  | Orb.
     0 | D:5      | Reached XP level 1. HP: 19/19 MP: 1/1
     4 | D:4      | Noticed an orc wizard
    26 | D:4      | Noticed a black bear
    47 | D:4      | Noticed a hound
    48 | D:4      | Found a staircase to the Ecumenical Temple.
    62 | Temple   | Entered the Ecumenical Temple
    71 | Temple   | Became a worshipper of the Wu Jian Council
    90 | D:4      | Noticed an iguana
   116 | D:3      | Reached XP level 2. HP: 9/26 MP: 2/2
   435 | D:1      | Reached XP level 3. HP: 24/31 MP: 3/3
   768 | D:1      | Reached * piety under Wu Jian
  1026 | D:2      | Found a bloodstained altar of Trog.
  1117 | D:2      | Found the +7 staff of the Meek {protect, meekguard}
  1173 | D:2      | Reached XP level 4. HP: 34/38 MP: 4/4
  1504 | D:3      | Found a faded altar of an unknown god.
  1995 | D:3      | Reached skill level 5 in Short Blades
  2168 | D:4      | Noticed a scorpion
  2172 | D:4      | Killed a scorpion
  2173 | D:4      | Reached XP level 5. HP: 32/45 MP: 5/5
  2255 | D:4      | Found a sparkling altar of Nemelex Xobeh.
  2651 | D:4      | Reached XP level 6. HP: 44/51 MP: 6/6
  2973 | D:5      | Reached ** piety under Wu Jian
  3116 | D:5      | Your scales start taking on a dull iron-grey colour.
  3116 | D:5      | Reached XP level 7. HP: 57/57 MP: 7/7
  4087 | D:6      | Reached XP level 8. HP: 15/63 MP: 8/8
  4651 | D:5      | Reached skill level 10 in Short Blades
  4996 | D:6      | Found Rusmev's Overcharged Wands.
  4999 | D:6      | Found a sacrificial altar of Ru.
  5082 | D:6      | Found a shimmering altar of Xom.
  5258 | D:6      | Found a shadowy altar of Dithmenos.
  5262 | D:6      | Found a glowing silver altar of Zin.
  5269 | D:6      | Found a hide-covered altar of Uskayaw.
  5344 | D:6      | Reached *** piety under Wu Jian
  5458 | D:6      | Reached skill level 5 in Fighting
  5798 | D:7      | Noticed Duvessa
  5799 | D:7      | Noticed Dowan
  7303 | D:7      | Got Veemi's Atlas of Overhead Attendants
  7788 | D:7      | Reached XP level 9. HP: 70/75 MP: 9/9
  8022 | D:7      | Killed Dowan
  8063 | D:7      | Killed Duvessa
  8345 | D:8      | Reached skill level 5 in Dodging
  8579 | D:8      | Noticed Maggie
  8621 | D:8      | Noticed a cyclops
  8753 | D:8      | Noticed a centaur warrior
  8794 | D:8      | Noticed Pikel
  8895 | D:8      | Killed Pikel
 10297 | D:9      | Noticed Gastronok
 10359 | D:9      | Reached XP level 10. HP: 64/90 MP: 10/10
 11238 | D:10     | Entered Level 10 of the Dungeon
 11297 | D:10     | Found a staircase to the Lair.
 11426 | D:10     | Reached **** piety under Wu Jian
 11807 | D:10     | Found a transporter.
 11811 | D:10     | Noticed Scrimshaw's ghost (journeyman CoHs)
 11846 | D:10     | Noticed a moth of wrath
 11878 | D:10     | Reached skill level 10 in Fighting
 12427 | D:10     | Noticed Snorg
 13149 | D:10     | Noticed a two-headed ogre
 13199 | D:10     | Killed a two-headed ogre
 13200 | D:10     | Reached skill level 10 in Dodging
 13667 | D:10     | Killed Snorg
 13668 | D:10     | Reached XP level 11. HP: 36/101 MP: 11/11
 14187 | D:10     | Noticed Erolcha
 14281 | D:10     | Found a transporter.
 15507 | D:10     | Noticed a sixfirhy
 15904 | D:10     | Noticed a soul eater
 16857 | D:11     | Noticed a green ugly thing
 17889 | D:10     | Killed a green ugly thing
 18429 | D:11     | Noticed a harpy
 18481 | D:11     | Identified the ring of Intercession {rC+ Int+4}
 18481 | D:11     | Noticed a centaur warrior
 19011 | D:10     | Killed a centaur warrior
 19590 | D:11     | Noticed a deep elf pyromancer
 19814 | D:11     | Killed a deep elf pyromancer
 19956 | D:11     | Identified the ring "Geggea" {Int-3 Dex+5 SInv}
 19956 | D:11     | Noticed an orc knight
 20428 | D:11     | Reached skill level 1 in Evocations
 20428 | D:11     | Reached XP level 12. HP: 47/110 MP: 4/12
 21240 | Lair:1   | Entered Level 1 of the Lair of Beasts
 21509 | Lair:1   | Reached skill level 1 in Shields
 22214 | Lair:1   | Found a runed translucent door.
 22219 | Lair:1   | Noticed a tentacled starspawn
 22990 | Lair:2   | Reached skill level 5 in Shields
 23219 | Lair:2   | Reached skill level 5 in Evocations
 23499 | Lair:2   | Identified the +0 pair of gloves of Loss {rN+ Stlth+}
 23703 | Lair:2   | Reached ***** piety under Wu Jian
 23878 | Lair:2   | Found a staircase to the Shoals.
 24282 | Lair:2   | Identified a scroll of acquirement
 24282 | Lair:2   | Acquired a +8 quick blade of freezing
 24537 | Lair:3   | Reached XP level 13. HP: 118/118 MP: 13/13
 24547 | Lair:3   | Found a staircase to the Snake Pit.
 25972 | Lair:5   | Entered Level 5 of the Lair of Beasts
 26202 | Lair:5   | Reached ****** piety under Wu Jian
 26631 | Lair:5   | Reached XP level 14. HP: 133/133 MP: 14/14
 26660 | Lair:5   | Found a corrupted altar of Lugonu.
 26660 | Lair:5   | Found a one-way gate to the infinite horrors of the Abyss.
 27371 | Lair:5   | Found a viscous altar of Jiyva.
 27630 | D:9      | Killed Gastronok
 27631 | D:9      | Reached skill level 15 in Fighting
 27697 | D:8      | Killed Maggie
 27699 | D:8      | Found a burning altar of Makhleb.
 27799 | D:8      | Noticed Psyche
 27804 | D:8      | Killed Psyche
 28000 | D:8      | Found a radiant altar of Vehumet.
 28001 | D:8      | Found an opulent altar of Gozag.
 28002 | D:8      | Found a broken altar of Ashenzari.
 28002 | D:8      | Found a white marble altar of Elyvilon.
 28002 | D:8      | Found a bloodstained altar of Trog.
 28003 | D:8      | Found a blossoming altar of Fedhas.
 28175 | D:12     | Noticed Rupert
 28177 | D:12     | Paralysed by Rupert for 2 turns
 28183 | D:12     | Killed Rupert
 28238 | D:12     | Reached skill level 1 in Shapeshifting
 28479 | D:12     | Found a transporter.
 28551 | D:12     | Found a transporter.
 28568 | D:12     | Found a transporter.
 28627 | D:12     | Found a transporter.
 28725 | D:12     | Found a staircase to the Orcish Mines.
 28767 | D:12     | Found a transporter.
 28781 | D:12     | Found a transporter.
 29079 | D:13     | Found Ihis's Weapon Shop.
 29324 | D:13     | Reached skill level 5 in Shapeshifting
 30328 | Orc:1    | Entered Level 1 of the Orcish Mines
 31711 | Orc:2    | Entered Level 2 of the Orcish Mines
 31748 | Orc:2    | Paralysed by an orc sorcerer for 3 turns
 31767 | Orc:2    | Reached XP level 15. HP: 99/141 MP: 15/15
 31770 | Orc:2    | Paralysed by an orc sorcerer for 2 turns
 31776 | Orc:2    | Found Zynij's Distillery.
 31778 | Orc:2    | Found Gutuiliarr's Distillery.
 31806 | Orc:2    | Found a roughly hewn altar of Beogh.
 31826 | Orc:2    | Noticed Jorgrun
 31831 | Orc:2    | Killed Jorgrun
 31838 | Orc:2    | Found Vaimiev's Antique Weapon Boutique.
 31839 | Orc:2    | Found Gaso's Armour Shop.
 31851 | Orc:2    | Found a gate leading to a gauntlet.
 31867 | Gauntlet | Entered a Gauntlet
 31867 | Gauntlet | Found a transporter.
 32176 | Gauntlet | Found a transporter.
 32192 | Gauntlet | Found a transporter.
 32194 | Gauntlet | Found a large runed translucent door.
 32194 | Gauntlet | Found a large runed translucent door.
 32195 | Gauntlet | Found a large runed translucent door.
 32195 | Gauntlet | Found a large runed translucent door.
 32196 | Gauntlet | Found a large runed translucent door.
 32196 | Gauntlet | Found a large runed translucent door.
 32196 | Gauntlet | Found a runed translucent door.
 32196 | Gauntlet | Found a runed translucent door.
 32196 | Gauntlet | Found a large runed translucent door.
 32197 | Gauntlet | Found a transporter.
 32216 | Gauntlet | Found a transporter.
 32227 | Gauntlet | Found a large runed translucent door.
 32228 | Gauntlet | Found a large runed translucent door.
 32229 | Gauntlet | Found a large runed translucent door.
 32229 | Gauntlet | Found a large runed translucent door.
 32230 | Gauntlet | Found a runed translucent gate.
 32231 | Gauntlet | Found a transporter.
 32231 | Gauntlet | Found a runed translucent gate.
 32232 | Gauntlet | Found a runed translucent gate.
 32233 | Gauntlet | Found a large runed translucent door.
 32233 | Gauntlet | Found a large runed translucent door.
 32234 | Gauntlet | Found a large runed translucent door.
 32235 | Gauntlet | Found a large runed translucent door.
 32243 | Gauntlet | Found a transporter.
 32255 | Gauntlet | Found a transporter.
 32267 | Gauntlet | Found a transporter.
 32279 | Gauntlet | Found a transporter.
 32300 | Gauntlet | Found a transporter.
 32313 | Gauntlet | Found a transporter.
 32315 | Gauntlet | Found a transporter.
 32340 | Gauntlet | Found a transporter.
 32360 | Gauntlet | Found a transporter.
 32434 | Gauntlet | Found a large runed translucent door.
 32438 | Gauntlet | Found a transporter.
 32458 | Gauntlet | Found a transporter.
 32480 | Gauntlet | Found a transporter.
 32755 | Gauntlet | Reached skill level 10 in Shapeshifting
 32872 | Gauntlet | Identified the +1 helmet "Kautam" {Str+3 Slay+6}
 32883 | Gauntlet | Identified the +7 demon trident of the Genius {pain, Int+2}
 32883 | Gauntlet | Identified the +0 tower shield "Ygeq" {-Tele rC+ Str+3
                  | Dex+3}
 33114 | Gauntlet | Got the Opusculum on Gusty Portals
 33116 | Gauntlet | Identified the +4 helmet of Bozauruhuh {rF+ rN+ Str+2}
 33117 | Gauntlet | Got the Elucidation of a Million Knaves
 33122 | Gauntlet | Identified the +0 scale mail "Jogabod" {rElec rN+}
 33307 | Orc:2    | Found a radiant altar of Vehumet.
 33412 | Orc:2    | Bought a +2 cloak for 181 gold pieces
 33708 | Orc:2    | Found a staircase to the Elven Halls.
 33972 | D:14     | Noticed Josephine
 33989 | D:14     | Killed Josephine
 34252 | D:14     | Identified the +2 pair of boots of the Serpent {-Cast rC+
                  | Will+ Str+4}
 34256 | D:14     | Found a gate to the Vaults.
 34621 | D:15     | Entered Level 15 of the Dungeon
 35346 | D:15     | Found a staircase to the Depths.
 35868 | Snake:1  | Entered Level 1 of the Snake Pit
 36230 | Snake:1  | Reached XP level 16. HP: 149/149 MP: 16/16
 36567 | Snake:1  | Found a broken altar of Ashenzari.
 38155 | Snake:2  | Found a runed translucent door.
 38156 | Snake:2  | Noticed MadMike78's ghost (adept GnGl)
 38381 | Snake:2  | Noticed Vashnia
 38914 | Snake:2  | Killed Vashnia
 39239 | Snake:2  | Found Siegfried's Dragon-Slaying Spoils.
 39460 | Snake:3  | Noticed Roxanne
 39470 | Snake:3  | Killed Roxanne
 39478 | Snake:3  | Reached skill level 10 in Shields
 40711 | Snake:3  | Noticed Bai Suzhen
 40733 | Snake:3  | Killed Bai Suzhen
 41653 | Snake:2  | HP: 7/149 [salamander mystic/+0 quarterstaff (10)]
 42609 | Snake:3  | Noticed Azrael
 42671 | Snake:3  | Killed Azrael
 42672 | Snake:3  | Reached XP level 17. HP: 123/156 MP: 17/17
 43376 | Snake:3  | Found a transporter.
 43386 | Snake:3  | Found a transporter.
 43428 | Snake:3  | Paralysed by a naga sharpshooter for 3 turns
 43874 | Snake:4  | Entered Level 4 of the Snake Pit
 46026 | Snake:4  | Reached skill level 15 in Shields
 46147 | Snake:4  | Found a glowing silver altar of Zin.
 46436 | Snake:4  | Found Olei's Specific Store.
 46440 | Snake:4  | Found Quituetu's General Store.
 48887 | Snake:4  | Got a serpentine rune of Zot
 49040 | Shoals:1 | Entered Level 1 of the Shoals
 49068 | Shoals:1 | Found a glacial archway.
 49092 | IceCv    | Entered an ice cave
 50106 | IceCv    | Found a viscous altar of Jiyva.
 50670 | Shoals:1 | Noticed a kraken
 51179 | Shoals:1 | Killed a kraken
 51212 | Shoals:1 | Reached XP level 18. HP: 163/163 MP: 18/18
 51277 | Shoals:1 | Noticed Donald
 51292 | Shoals:1 | Killed Donald
 52330 | Shoals:2 | Identified the +0 chain mail of Iwatsi {rPois rF+ rN+
                  | Str-4}
 52452 | Shoals:2 | Noticed Ilsuiw
 52481 | Shoals:2 | Killed Ilsuiw
 52551 | Shoals:2 | Reached skill level 10 in Evocations
 52914 | Shoals:3 | Found a runed translucent gate.
 52915 | Shoals:3 | Found a runed translucent gate.
 52916 | Shoals:3 | Found a runed translucent gate.
 52916 | Shoals:3 | Noticed Polyphemus
 52937 | Shoals:3 | Killed Polyphemus
 53891 | Shoals:3 | Noticed Lysca's ghost (adept DsCj)
 54127 | Shoals:4 | Entered Level 4 of the Shoals
 54129 | Shoals:4 | Identified the +9 broad axe of Ointment {flame, Dex+9}
 54203 | Shoals:4 | Identified the amulet "Ocirekiu" {Reflect Dex+6 SH+5}
 54208 | Shoals:4 | Noticed Mara
 54236 | Shoals:4 | Noticed AutarchDCSS's illusion
 54826 | Shoals:4 | Got a barnacled rune of Zot
 54970 | Shoals:4 | Killed Mara
 55239 | Shoals:4 | Reached XP level 19. HP: 172/172 MP: 19/19
 56444 | Vaults:1 | Entered Level 1 of the Vaults
 56792 | Vaults:1 | Noticed Zenata
 56808 | Vaults:1 | Killed Zenata
 56977 | Vaults:1 | Identified the serpent talisman "Kiys" {Fly rF+++ Dex-2
                  | SInv}
 56977 | Vaults:1 | Noticed Aizul
 56998 | Vaults:1 | Killed Aizul
 57608 | Vaults:1 | Identified the +1 hat "Xopliwk" {+Inv Fly rF- rN+}
 57617 | Vaults:1 | Found a radiant altar of Vehumet.
 57632 | Vaults:1 | Identified the +2 hat of Muttered Phrases {Dex+6 Slay+3}
 59305 | Vaults:2 | You fall into a shaft and drop 1 floor!
 59336 | Vaults:3 | Found a magical portal.
 59359 | WizLab   | Entered Eringya's Formal Garden
 59708 | WizLab   | Reached XP level 20. HP: 179/193 MP: 20/20
 59734 | WizLab   | Found a blossoming altar of Fedhas.
 59755 | WizLab   | Got Eringya's Atlas of Argyropoeia
 59778 | WizLab   | Got the Information on the Phantasmal Icicle
 60823 | Vaults:3 | Noticed a dread lich
 60826 | Vaults:3 | Killed a dread lich
 60827 | Vaults:3 | Reached skill level 15 in Dodging
 60923 | Vaults:3 | Found a staircase to the Crypt.
 61123 | Vaults:3 | Noticed Nikola
 61135 | Vaults:3 | Killed Nikola
 61770 | Vaults:2 | Reached skill level 15 in Shapeshifting
 63733 | Vaults:4 | Reached XP level 21. HP: 171/201 MP: 21/21
 64120 | Vaults:4 | Noticed Mennas
 64132 | Vaults:4 | Killed Mennas
 64293 | Vaults:4 | Identified the +7 war axe "Orb Guardian's Bane" {venom, rN+
                  | Int+5 Dex-5}
 64860 | Elf:1    | Entered Level 1 of the Elven Halls
 64876 | Elf:1    | Found a radiant altar of Vehumet.
 65085 | Elf:1    | Found a radiant altar of Vehumet.
 65839 | Elf:2    | Found Nudoaro's Assorted Antiques.
 65968 | Elf:2    | Found a runed translucent gate.
 65968 | Elf:2    | Found a runed translucent gate.
 65979 | Elf:2    | Found a runed translucent gate.
 66121 | Elf:2    | Found Bianur's Antique Weapon Emporium.
 66122 | Elf:2    | Found Noajoug's Antique Armour Shoppe.
 66165 | Elf:2    | Bought the +3 Mad Mage's Maulers {Infuse+∞ VampMP -Cast}
                  | for 1440 gold pieces
 66165 | Elf:2    | Found the +3 Mad Mage's Maulers {Infuse+∞ VampMP -Cast}
 66782 | Elf:3    | Entered Level 3 of the Elven Halls
 66782 | Elf:3    | Found a shimmering blue altar of Sif Muna.
 68357 | Elf:3    | Identified the +8 broad axe "Myenar" {heavy, Int+2 Dex+3}
 68359 | Elf:3    | Identified the +3 whip of Dissolution {heavy, rCorr MP+9
                  | Str-5 Dex+2 Stlth+}
 68587 | Elf:3    | Identified the ring "Himel" {^Contam rF+ rN+ Will++ Str+3}
 69010 | Elf:3    | Identified the ring of Ynwag {Fly rPois Str+4 Dex-2 SInv}
 69454 | Elf:3    | Reached XP level 22. HP: 209/209 MP: 1/22
 69492 | Elf:3    | Found the +2 pair of slick slippers {slick, slippery, EV+4}
 69505 | Elf:3    | Identified the +1 spear of the Muttering King {freeze, rF+
                  | rCorr Int-5 Stlth+}
 69582 | Elf:3    | Got the Annotations on the Icicle
 69585 | Elf:3    | Identified the staff "Raacwaos" {rC+ Int+3 Ice}
 69587 | Elf:3    | Got the Volume of Synthesis and Charms
 69939 | Depths:1 | Entered Level 1 of the Depths
 69943 | Depths:1 | Found a corrupted altar of Lugonu.
 70041 | Depths:1 | Found an ancient bone altar of Kikubaaqudgha.
 70161 | Depths:1 | Found a gateway to Hell.
 70924 | Depths:1 | Noticed Norris
 71352 | Snake:2  | Killed MadMike78's ghost
 71658 | D:10     | Killed Scrimshaw's ghost
 72288 | Depths:1 | Killed Norris
 72544 | Depths:1 | Found a one-way gateway to a ziggurat.
 72661 | Depths:1 | Found a burning altar of Makhleb.
 73187 | Depths:1 | Found a one-way gate leading to the halls of Pandemonium.
 73393 | Depths:2 | Noticed a golden dragon
 73401 | Depths:2 | Killed a golden dragon
 73664 | Depths:2 | Found an opulent altar of Gozag.
 73932 | Depths:2 | Identified the +5 orcbow of Due Proportion {drain, rCorr}
 74418 | Depths:2 | Noticed Grunn
 74430 | Depths:2 | Killed Grunn
 74816 | Depths:2 | Found a hide-covered altar of Uskayaw.
 74967 | Depths:2 | Noticed a golden dragon
 74974 | Depths:2 | Killed a golden dragon
 74975 | Depths:2 | Noticed a golden dragon
 74982 | Depths:2 | Killed a golden dragon
 74983 | Depths:2 | Identified the +7 shortbow of Vycvem {freeze, Fly}
 75019 | Depths:2 | Found a shimmering altar of Xom.
 75029 | Depths:2 | Reached XP level 23. HP: 208/215 MP: 0/23
 75059 | Depths:2 | Found a hazy altar of Hepliaklqana.
 75987 | Depths:3 | Reached skill level 15 in Evocations
 77495 | Depths:3 | Identified the death talisman of the Monkey's Uncle {+Blink
                  | Will+ Str-2 SInv}
 77686 | Depths:3 | Noticed the Enchantress
 77701 | Depths:3 | Killed the Enchantress
 77844 | Depths:3 | Found a transporter.
 77853 | Depths:3 | Noticed Voac's ghost (journeyman MiAr)
 77856 | Depths:3 | Identified the +8 great mace of Wyrd {heavy, rF++}
 77860 | Depths:3 | Identified the +8 great mace "Canielog" {freeze, rF+++
                  | Str+2 Int-5}
 78009 | Depths:3 | Found a sacrificial altar of Ru.
 78316 | Depths:4 | Entered Level 4 of the Depths
 78686 | Depths:4 | Found a gate to the Realm of Zot.
 80740 | Shoals:3 | Killed Lysca's ghost
 80742 | Shoals:3 | Reached XP level 24. HP: 125/225 MP: 2/23
 81029 | Shoals:3 | Identified the +1 hat of Wuymm {Harm ^Drain rN+++ Will-}
 81770 | Vaults:5 | Entered Level 5 of the Vaults
 81770 | Vaults:5 | Noticed Xtahua
 81788 | Vaults:5 | Killed Xtahua
 81911 | Vaults:5 | Noticed an ancient lich
 81920 | Vaults:5 | Killed an ancient lich
 82016 | Vaults:5 | Got a silver rune of Zot
 82254 | Vaults:5 | Identified the ring of Rutysk {rF+ rN+ Will- Str+4 Stlth+}
 82824 | Vaults:5 | Identified the staff "Xarry" {rElec rC+ rN+ Int+4 Necro}
 83572 | Lair:5   | Found a staircase to the Slime Pits.
 84061 | Slime:1  | Entered Level 1 of the Pits of Slime
 84067 | Slime:1  | Gained mutation: Your magical capacity is low. (-10% MP) [a
                  | shining eye]
 84069 | Slime:1  | Gained mutation: You have hidden genetic defects. [a
                  | shining eye]
 84069 | Slime:1  | Gained mutation: You are weak. (Str -2) [a shining eye]
 84070 | Slime:1  | Gained mutation: Your health recovers twice as slowly from
                  | being drained. [a shining eye]
 84074 | Slime:1  | Gained mutation: Your tail ends in a venomous barb. [a
                  | shining eye]
 84081 | Slime:1  | Gained mutation: You occasionally lose the ability to read
                  | scrolls when taking damage. [a shining eye]
 84505 | Lair:5   | Lost mutation: You have hidden genetic defects. [potion of
                  | mutation]
 84505 | Lair:5   | Lost mutation: You are weak. (Str -2) [potion of mutation]
 84505 | Lair:5   | Gained mutation: You have a beak for a mouth. [potion of
                  | mutation]
 84505 | Lair:5   | Gained mutation: You are resistant to electric shocks.
                  | (rElec) [potion of mutation]
 84505 | Lair:5   | Gained mutation: Your system is resistant to poisons.
                  | (rPois) [potion of mutation]
 84505 | Lair:5   | Gained mutation: Your large and strong wings let you fly.
                  | [potion of mutation]
 84506 | Lair:5   | Lost mutation: You are resistant to electric shocks.
                  | (rElec) [potion of mutation]
 84506 | Lair:5   | Lost mutation: You have a beak for a mouth. [potion of
                  | mutation]
 84506 | Lair:5   | Lost mutation: Your tail ends in a venomous barb. [potion
                  | of mutation]
 84506 | Lair:5   | Gained mutation: You are occasionally teleported next to
                  | monsters. [potion of mutation]
 84506 | Lair:5   | Gained mutation: Your body sometimes deteriorates upon
                  | taking damage. [potion of mutation]
 84506 | Lair:5   | Gained mutation: You occasionally shout uncontrollably at
                  | your foes. [potion of mutation]
 84507 | Lair:5   | Lost mutation: Your body sometimes deteriorates upon taking
                  | damage. [potion of mutation]
 84507 | Lair:5   | Lost mutation: Your system is resistant to poisons. (rPois)
                  | [potion of mutation]
 84507 | Lair:5   | Lost mutation: You are occasionally teleported next to
                  | monsters. [potion of mutation]
 84507 | Lair:5   | Gained mutation: You sometimes lose the ability to read
                  | scrolls when taking damage. [potion of mutation]
 84508 | Lair:5   | Lost mutation: Your large and strong wings let you fly.
                  | [potion of mutation]
 84508 | Lair:5   | Lost mutation: Your magical capacity is low. (-10% MP)
                  | [potion of mutation]
 84508 | Lair:5   | Lost mutation: You occasionally shout uncontrollably at
                  | your foes. [potion of mutation]
 84508 | Lair:5   | Gained mutation: Your tail ends in a venomous barb. [potion
                  | of mutation]
 84508 | Lair:5   | Gained mutation: You are dopey. (Int -2) [potion of
                  | mutation]
 84509 | Lair:5   | Lost mutation: Your health recovers twice as slowly from
                  | being drained. [potion of mutation]
 84509 | Lair:5   | Lost mutation: Your tail ends in a venomous barb. [potion
                  | of mutation]
 84509 | Lair:5   | Gained mutation: You expend magic power (3 MP) to
                  | strengthen your wands. [potion of mutation]
 84509 | Lair:5   | Gained mutation: You are agile. (Dex +4, Str/Int -1)
                  | [potion of mutation]
 84510 | Lair:5   | Lost mutation: You are dopey. (Int -2) [potion of mutation]
 84510 | Lair:5   | Lost mutation: You are agile. (Dex +4, Str/Int -1) [potion
                  | of mutation]
 84510 | Lair:5   | Lost mutation: You sometimes lose the ability to read
                  | scrolls when taking damage. [potion of mutation]
 84510 | Lair:5   | Gained mutation: You are clumsy. (Dex -2) [potion of
                  | mutation]
 84511 | Lair:5   | Lost mutation: You occasionally lose the ability to read
                  | scrolls when taking damage. [potion of mutation]
 84511 | Lair:5   | Lost mutation: You are clumsy. (Dex -2) [potion of
                  | mutation]
 84511 | Lair:5   | Lost mutation: You expend magic power (3 MP) to strengthen
                  | your wands. [potion of mutation]
 84511 | Lair:5   | Gained mutation: Your spells are a little easier to cast,
                  | but a little less powerful. [potion of mutation]
 84511 | Lair:5   | Gained mutation: You do not regenerate when monsters are
                  | visible. [potion of mutation]
 84511 | Lair:5   | Gained mutation: You possess an exceptional clarity of
                  | mind. [potion of mutation]
 84511 | Lair:5   | Gained mutation: You have large cloven feet. [potion of
                  | mutation]
 84512 | Lair:5   | Lost mutation: You have large cloven feet. [potion of
                  | mutation]
 84512 | Lair:5   | Lost mutation: You do not regenerate when monsters are
                  | visible. [potion of mutation]
 84512 | Lair:5   | Lost mutation: You possess an exceptional clarity of mind.
                  | [potion of mutation]
 84512 | Lair:5   | Gained mutation: Your system is resistant to poisons.
                  | (rPois) [potion of mutation]
 86004 | Slime:3  | Reached XP level 25. HP: 230/233 MP: 0/23
 87711 | Slime:5  | Entered Level 5 of the Pits of Slime
 88909 | Slime:5  | Noticed the Royal Jelly
 89883 | Slime:5  | Found a viscous altar of Jiyva.
 89996 | Slime:5  | Killed the Royal Jelly
 90143 | Slime:5  | Got a slimy rune of Zot
 90240 | Slime:5  | Identified the staff "Xeetror" {rC+ rN+ Str+6 Stlth+ Ice}
 90245 | Slime:5  | Identified the +0 glaive of Day {vamp, Dex+5}
 90762 | Zot:1    | Entered Level 1 of the Realm of Zot
 91872 | Zot:1    | Found the +4 dragonskin cloak
 91872 | Zot:1    | Noticed Tiamat
 91889 | Zot:1    | Reached skill level 5 in Stealth
 91915 | Zot:1    | Killed Tiamat
 92841 | Zot:1    | Reached skill level 10 in Stealth
 93937 | Zot:2    | Found a transporter.
 93941 | Zot:2    | Found a transporter.
 94087 | Zot:2    | Found a transporter.
 94499 | Zot:2    | Found a transporter.
 94784 | Zot:2    | Found a burning altar of Makhleb.
 94971 | Zot:3    | Reached XP level 26. HP: 250/250 MP: 0/23
 94995 | Zot:3    | Found a snail-covered altar of Cheibriados.
 96426 | Zot:3    | Identified the +7 flail "Ochiam" {protect, rF+ rN+ Str-5}
 96627 | Zot:2    | Reached XP level 27. HP: 258/258 MP: 23/23
 96871 | Zot:3    | Found a runed translucent gate.
 96871 | Zot:3    | Found a runed translucent gate.
 96872 | Zot:3    | Found a runed translucent gate.
 96872 | Zot:3    | Noticed Ygyeth Femmu's ghost (veteran MiBe)
 96872 | Zot:3    | Noticed Foeck's ghost (veteran TrCK)
 96872 | Zot:3    | Noticed Herr's ghost (veteran MiBe)
 96924 | Zot:3    | Noticed Qaniympis's ghost (veteran DgEE)
 96929 | Zot:3    | You fall into a shaft and drop 1 floor!
 97174 | Zot:4    | Identified the +6 rapier of Kumyicol {flame, rPois SInv}
 97427 | Zot:4    | Noticed an ancient lich
 98061 | Zot:4    | Killed an ancient lich
 99745 | Zot:5    | Entered Level 5 of the Realm of Zot
 99847 | Zot:5    | Acquired 1228 gold pieces
100304 | Zot:5    | Identified the +0 robe of Lozubao {rElec rF+}
101300 | Zot:5    | Noticed an ancient lich
101320 | Zot:5    | Killed an ancient lich
101449 | Zot:5    | Noticed a dread lich
101630 | Zot:5    | Killed a dread lich
101790 | Zot:5    | Noticed an orb of fire
101797 | Zot:5    | Noticed an orb of fire
102205 | Zot:5    | Killed an orb of fire
102437 | Zot:5    | Killed an orb of fire
102772 | Zot:5    | Noticed a dread lich
102786 | Zot:5    | Noticed an ancient lich
102787 | Zot:5    | Killed a dread lich
102794 | Zot:5    | Noticed an orb of fire
102796 | Zot:5    | Noticed an orb of fire
102800 | Zot:5    | Killed an orb of fire
102804 | Zot:5    | Killed an orb of fire
102825 | Zot:5    | Killed an ancient lich
102832 | Zot:5    | Noticed an ancient lich
102837 | Zot:5    | Killed an ancient lich
103192 | Zot:5    | Identified the +6 spear of Doom {speed, rPois rCorr Str+5
                  | Int-5}
103504 | Zot:5    | Got the Orb of Zot
103637 | Zot:1    | Noticed Siroucwai the pandemonium lord
103846 | D:10     | Killed Erolcha
103938 | D:5      | Noticed Hoore the pandemonium lord
104023 | D:$      | Escaped with the Orb!

Illustrated notes

Levels and vault maps discovered:
D:1:      saegor_arrival_simple_b, layout_rooms, minmay_pentomino_p4
D:2:      layout_basic, basic_altar
D:3:      layout_rooms, dreamdust_ecumenical_altar_grove, gup_sewer_entry_pipe,
          grunt_decor_resistance, nicolae_figureground_sparkle
D:4:      layout_basic, mainiacjoe_overflow_concentric_impassable,
          minmay_temple_entry_trees
D:5:      minmay_general_purpose_star, layout_loops_cross, dk_noncrumbling_3
D:6:      layout_cave_pools, lemuel_crystal_altar, xom_teletrap_fun,
          grunt_temple_overflow_diamond, minmay_gold_behind_fungi,
          nicolae_shop_overcharged_wands
D:7:      layout_cave_pools, uniq_duvessa
D:8:      minmay_bloctagon_deflated, layout_basic, minitemple, uniq_maggie,
          uniq_pikel, uniq_psyche
D:9:      layout_loops_ring, minivault_26, uniq_gastronok
D:10:     layout_loops_ring, minmay_lair_entry_grove,
          gammafunk_ghost_berserking_beasts, minmay_unpleasant_kobolds,
          uniq_erolcha, uniq_snorg
D:11:     minmay_the_grid_triangle_9x9_rhombus_thin_mashed
          [minmay_the_grid_triangle_9x9_thin_v,
          minmay_the_grid_triangle_9x9_prize_insulated,
          minmay_the_grid_triangle_9x9_wacky_v,
          minmay_the_grid_triangle_9x9_cache], layout_cave_pools
D:12:     layout_irregular_city, hiddenorc1_lemuel, serial_nicolae_subway,
          nicolae_sub_station_crystal, nicolae_sub_station_stone,
          nicolae_sub_station_metal, uniq_rupert
D:13:     layout_stronghold, serial_shops, shop_statue
D:14:     layout_small_grid, erik_vaults_1,
          hangedman_abyss_or_decor_lesser_grid, uniq_josephine
D:15:     grunt_enter_depths_snipers, layout_basic, minmay_misc_feat_hallway
Temple:   dpeg_three_leaves_temple
Lair:1:   layout_regular_city, pdpol_lair_cabin_in_the_woods
Lair:2:   layout_concentric_octagons, minmay_shoals_entry_beasts,
          chequers_serial_rivers_small_a, beast_lair_carwin_1, lemuel_fruit_tree
Lair:3:   layout_misc_corridors, minmay_snake_entry_guardpost_small
Lair:4:   layout_cave_shapes, infiniplex_staircase_pool
Lair:5:   hellmonk_lair_end_abyssal_woods, layout_cellular_growth,
          minmay_slime_entry_oklob_enclosed
Shoals:1: layout_shoals, portal_ice_cave_entry_pillars_four, uniq_donald
Shoals:2: nicolae_shoals_lighthouse, layout_shoals,
          nicolae_shoals_elemental_ambush, uniq_ilsuiw
Shoals:3: cheibrodos_shoals_roost, layout_shoals, gammafunk_ghost_tricky_traps,
          uniq_polyphemus
Shoals:4: shoals_end_hangedman, layout_shoals, uniq_mara
Snake:1:  layout_basic, basic_altar, grunt_megastairs_2, nicolae_triple_integral
Snake:2:  layout_onion_interference, gammafunk_ghost_grave,
          nicolae_shop_dragon_depot, serial_library_hellmonk_filled_rooms,
          uniq_vashnia
Snake:3:  gammafunk_sealed_arena, layout_rooms, nicolae_snake_dead_anacondas,
          uniq_roxanne, uniq_bai_suzhen, uniq_azrael
Snake:4:  johnstein_snake_rune_scales, layout_cave_town, basic_altar,
          nicolae_specific_store
Slime:1:  layout_caves
Slime:2:  layout_caves
Slime:3:  layout_caves
Slime:4:  layout_caves, nicolae_slime_barrier, nicolae_slime_getting_an_eyeful
Slime:5:  slime_pit
Orc:1:    layout_caves
Orc:2:    st_orc_town, layout_caves, gauntlet_entry_generic, basic_altar,
          mines3_lemuel, uniq_jorgrun
Elf:1:    eino_elf_arrival_altar, layout_geoelf_octagon, guppyfry_elf_altar
Elf:2:    nicolae_elf_blades_splatter_lattice [nicolae_blade_entry_pointy_end],
          layout_geoelf_octagon, serial_shops, nicolae_shop_just_a_little_nook,
          st_stairs_5, minmay_shoptagon
Elf:3:    elf_hall_gauntlet_narrow, layout_geoelf_octagon, basic_altar
Vaults:1: nicolae_vaults_little_squares_1, v_misc_29, grunt_tower_of_power,
          v_alt_pattern_2, ontoclasm_vaults_chip, layout_vaults_omnigrid,
          uniq_aizul, uniq_zenata
Vaults:2: hangedman_vaults_nails, vaults_standard_mumra_lines,
          hangedman_vaults_pinch, vaults_dpeg_ring,
          nicolae_vaults_offset_grid_hallway_4, hangedman_vaults_unwind,
          nicolae_vaults_tangram_1, nicolae_vaults_trapezoid_lopsided_1,
          nicolae_vaults_apartment_2, nicolae_vaults_tangram_2,
          nicolae_vaults_what_the_h, nicolae_vaults_tetromino_Z_1,
          nicolae_vaults_sesquioval_fish, nicolae_vaults_branching_niches,
          layout_vaults_big_cross
Vaults:3: infiniplex_enter_wizlab_water, vaults_dpeg_emergency_exit, v_misc_19,
          nicolae_vaults_offset_grid_hallway_1, ontoclasm_vaults_spin,
          nicolae_vaults_trapezoid_1, minmay_crypt_entry_simple_sparse,
          nicolae_vaults_mitosis, nicolae_vaults_alarming,
          hangedman_vaults_slice, ontoclasm_vaults_tryst, st_octagons_1,
          nicolae_vaults_storage_closets_1, vaults_room_semicircle,
          layout_vaults_ring, uniq_nikola
Vaults:4: ontoclasm_vaults_chip, nicolae_vaults_tetromino_Z_2,
          nicolae_vaults_closet_pinwheel_4, nicolae_vaults_rhombus_7,
          nicolae_vaults_trapezoid_4, nicolae_vaults_closet_pinwheel_6,
          nicolae_vaults_specimen_jars, nicolae_vaults_tetromino_L_2,
          nicolae_vaults_trapezoid_1, layout_vaults_chaotic_city, uniq_mennas
Vaults:5: uniq_xtahua
Depths:1: layout_basic, enter_ziggurat_f, abyss_entry_flame_altar, hellmouth_3,
          nicolae_kikubaaqudgha_miasma_corner, grunt_pan_entry_sceptre,
          kennysheep_minor_cross, makhleb_altar_promises_db, uniq_norris
Depths:2: grunt_profane_halls [grunt_profane_loot, grunt_profane_temple_geh,
          grunt_profane_temple_coc, grunt_profane_temple_dis,
          grunt_profane_temple_tar], abyss_entry, pan_entry, hell_entry,
          uniq_grunn
Depths:3: regret_index_reflect_refract, layout_basic,
          nicolae_abyss_entry_one_way_or_another, grunt_decor_arrowhead,
          gammafunk_ghost_smash, pf_hell_entry_tar_river,
          nicolae_ru_sacrificial_ziggurat, uniq_enchantress
Depths:4: evilmike_zot_entry_diamond, layout_gridlike, hell_entry,
          grunt_pan_entry_in_and_out, minmay_misc_feat_pillars,
          grunt_megastairs_4, uniq_josephina
Zot:1:    layout_gridville, skrybe_zot_glass_1, uniq_tiamat
Zot:2:    layout_gridlike, regret_index_zotdec_demonic_mixed,
          nicolae_diode_intersection
Zot:3:    layout_cathedral_of_symmetry, bh_zot_ikea_curve,
          gammafunk_ghost_cemetery, regret_index_zotdec_serpentine_scales,
          evilmike_ambush [evilmike_ambush_outer_corners,
          evilmike_ambush_inner_basic]
Zot:4:    ebering_klown_carousel, layout_gridlike, guppyfry_library_mini
Zot:5:    layout_twisted_circle

Skill      XL: |  1  2  3  4  5  6  7  8  9 10 11 12 13 14 15 16 17 18 19 20 21 22 23 24 25 26 27 |
---------------+----------------------------------------------------------------------------------+-----
Short Blades   | 3 4 5 6 7 9 10 13 14 | 14.0
Dodging        | 4 7 10 12 13 14 16 18 20 22 | 22.1
Fighting       | 6 8 10 11 12 14 15 16 20 23 | 23.0
Evocations     | 1 6 8 10 13 16 | 16.0
Shields        | 5 13 17 19 20 23 | 23.3
Shapeshifting  | 8 13 15 17 18 19 22 23 | 23.4
Stealth        | 12 13 | 13.2

Action                     |  1- 3 |  4- 6 |  7- 9 | 10-12 | 13-15 | 16-18 | 19-21 | 22-24 | 25-27 || total
---------------------------+-------+-------+-------+-------+-------+-------+-------+-------+-------++-------
  Melee: Short sword       |   121 |       |    88 |       |       |       |       |       |       ||   209
         Tailslap          |     7 |    11 |   199 |   374 |   485 |   680 |   515 |   481 |   732 ||  3484
         Quarterstaff      |     2 |   107 |       |       |       |       |       |       |       ||   109
         Dagger            |       |    12 |  1177 |  1847 |       |       |       |       |       ||  3036
         Quick blade       |       |       |       |   101 |  2499 |  3304 |  2381 |  2335 |  2695 || 13315
         Maw               |       |       |       |       |   201 |  1274 |   894 |   704 |   194 ||  3267
  Throw: Dart              |       |       |     5 |     4 |       |       |       |       |       ||     9
 Invoke: Serpent's Lash    |       |       |     1 |     1 |       |     2 |     1 |     1 |     2 ||     8
         Heavenly Storm    |       |       |       |       |     1 |       |     2 |     2 |     4 ||     9
Ability: Lunge             |     7 |    21 |    31 |    44 |   122 |   141 |   137 |   146 |   102 ||   751
         Whirlwind         |       |     2 |   127 |   168 |   428 |   306 |   369 |   542 |   550 ||  2492
         Mud Breath        |       |       |     6 |       |       |       |       |       |       ||     6
         Siphon Essence    |       |       |       |       |       |       |       |     1 |       ||     1
         Wall Jump         |       |       |       |       |       |       |       |       |     1 ||     1
  Evoke: Lightning rod     |       |       |       |       |     9 |     3 |       |       |       ||    12
         Wand              |       |       |       |       |     6 |     2 |     5 |     2 |     6 ||    21
         Condenser vane    |       |       |       |       |     1 |     2 |       |       |       ||     3
         Phial of floods   |       |       |       |       |       |     1 |       |     1 |       ||     2
    Use: Scroll            |     2 |       |    14 |     8 |     7 |     2 |     4 |     8 |    19 ||    64
         Potion            |     1 |       |     3 |     1 |       |     7 |     2 |     8 |     2 ||    24
   Stab: Sleeping          |    10 |    15 |     7 |     9 |    28 |    38 |    52 |     5 |    19 ||   183
         Distracted        |     2 |       |     1 |     5 |     3 |     8 |    29 |    15 |    11 ||    74
 Armour: Skin              |    51 |    74 |   280 |   484 |   336 |   591 |   203 |   151 |   102 ||  2272
  Dodge: Dodged            |    54 |    58 |   302 |   694 |   550 |   626 |   295 |   269 |   280 ||  3128
  Block: Buckler           |       |       |       |    42 |   174 |   218 |       |       |       ||   434
         Kite shield       |       |       |       |       |       |   406 |   633 |   515 |   187 ||  1741
         Reflection        |       |       |       |       |       |       |   109 |    35 |    31 ||   175
         Tower shield      |       |       |       |       |       |       |       |       |   470 ||   470
   Form: Maw               |       |       |       |       |     1 |       |       |     1 |     5 ||     7
         Death             |       |       |       |       |       |       |       |     2 |     4 ||     6

Table legend: (Time is in decaauts)
 A = Elapsed time spent in this place.
 B = Non-inter-level travel time spent in this place.
 C = Inter-level travel time spent in this place.
 D = Time resting spent in this place.
 E = Time spent auto-exploring this place.
 F = Levels seen in this place.
 G = Mean time per level.
                   A        B        C        D        E       F      G
               +--------+--------+--------+--------+--------+-----+--------+
         Total | 101582 |  94555 |   7027 |  42473 |  34706 |  56 | 1814.0 |
       Dungeon |  27306 |  25073 |   2233 |  12329 |   7958 |  15 | 1820.4 |
        Temple |     18 |     18 |      0 |      0 |      0 |   1 |   18.0 |
          Lair |   7764 |   6462 |   1302 |   2125 |   3158 |   5 | 1552.8 |
        Shoals |   5722 |   5374 |    348 |   1491 |   2417 |   4 | 1430.5 |
     Snake Pit |  13263 |  12711 |    552 |   8413 |   2561 |   4 | 3315.8 |
    Slime Pits |   5971 |   5867 |    104 |   3973 |   1027 |   5 | 1194.2 |
  Orcish Mines |   1475 |   1218 |    257 |    242 |    671 |   2 |  737.5 |
   Elven Halls |   5236 |   4697 |    539 |   1641 |   2004 |   3 | 1745.3 |
        Vaults |   9232 |   8425 |    807 |   2527 |   4141 |   5 | 1846.4 |
        Depths |  10360 |   9843 |    517 |   2985 |   5404 |   4 | 2590.0 |
           Zot |  11789 |  11426 |    363 |   4869 |   4847 |   5 | 2357.8 |
      Ice Cave |   1332 |   1332 |      0 |   1010 |     46 |   1 | 1332.0 |
        Wizlab |    855 |    855 |      0 |    222 |    189 |   1 |  855.0 |
      Gauntlet |   1251 |   1251 |      0 |    645 |    283 |   1 | 1251.0 |
               +--------+--------+--------+--------+--------+-----+--------+

Top non-repeatable levels by time:
    D:10: 7054 daAuts
 Snake:2: 4661 daAuts
 Snake:4: 4422 daAuts
   Zot:4: 3359 daAuts
   Zot:5: 3199 daAuts
   Elf:3: 2960 daAuts
Vaults:1: 2907 daAuts
Depths:2: 2881 daAuts
Depths:4: 2790 daAuts
    D:11: 2625 daAuts
Depths:1: 2577 daAuts
    D:12: 2259 daAuts
 Snake:3: 2191 daAuts
   Zot:1: 2177 daAuts
  Lair:5: 2133 daAuts
